 Dungeon Crawl Stone Soup version 0.31-a0-986-g5e6e4ef867 (webtiles) character file.

Game seed: 12622741322626685039

33894 quinnr the Zephyrmancer (level 13, -7/80 HPs)
             Began as a Tengu Air Elementalist on Nov 9, 2023.
             Was a High Priest of Vehumet.
             Mangled by an eight-headed hydra simulacrum (37 damage)
             ... on level 4 of the Lair of Beasts.
             The game lasted 00:51:14 (18087 turns).

quinnr the Zephyrmancer (Tengu Air Elementalist)   Turns: 18087, Time: 00:51:15

Health: -7/80      AC:  6    Str:  8    XL:     13   Next: 73%
Magic:  29/36      EV: 23    Int: 28    God:    Vehumet [*****.]
Gold:   710        SH:  0    Dex: 14    Spells: 2/30 levels left

rFire   . . .        B - +5 morningstar of Resourcefulness {elec, Contam rElec MP+9 SInv}
rCold   . . .        v - orb {light}
rNeg    . . .        a - +0 robe
rPois   .            (helmet restricted)
rElec   +            O - +0 cloak {Stlth+}
rCorr   .            D - +2 pair of gloves {Stlth+}
SInv    +            (boots unavailable)
Will    .....        s - amulet of magic regeneration
Stlth   ++           I - +6 ring of intelligence
HPRegen 0.33/turn    Y - +4 ring of slaying
MPRegen 0.65/turn

%: acrobat
@: flying, glowing
A: beak, talons 3, evasive flight, acrobatic
a: Renounce Religion


You were on level 4 of the Lair of Beasts.
You worshipped Vehumet.
Vehumet was extremely pleased with you.
You visited 3 branches of the dungeon, and saw 14 of its levels.
You also visited: Bailey and Ice Cave.

You collected 958 gold pieces.
You spent 248 gold pieces at shops.


Innate Abilities, Weirdness & Mutations

You have a beak for a mouth.
You have claws for feet.
Your magical flight helps you evade attacks. (EV +4)
You can magically evade attacks while moving or waiting.


   Skills:
 + Level 9.4 Fighting
 - Level 14.0 Dodging
 - Level 6.0 Stealth
 - Level 9.0 Spellcasting
 - Level 5.0 Conjurations
 - Level 5.0 Hexes
 - Level 14.0 Air Magic
 - Level 4.0 Evocations


You had 2 spell levels left.
You knew the following spells:

 Your Spells              Type           Power      Damage    Failure   Level
a - Airstrike             Air            37%        2d(6-22)  1%          4
c - Freezing Cloud        Conj/Ice/Air   24%        6-21      2%          5
d - Dazzling Flash        Conj/Hex       80%        N/A       1%          3
f - Fulminant Prism       Conj/Hex       20%        3d12      1%          4
i - Swiftness             Air            74%        N/A       1%          3
t - Static Discharge      Conj/Air       100%       3-8/arc   1%          2
z - Shock                 Conj/Air       100%       1d9       1%          1
X - Conjure Ball Lightni  Conj/Air       30%        3x3d10    4%          6

Your spell library contained the following spells:

 Spells                   Type           Power      Damage    Failure   Level
 Freeze                   Ice            48%        1d6       1%          1
 Magic Dart               Conj           100%       1d8       1%          1
 Cigotuvi's Dreadful Rot  Necr/Pois/Air  76%        N/A       1%          2
 Jinxbite                 Hex            80%        N/A       1%          2
 Searing Ray              Conj           80%        2d7       1%          2
 Ensorcelled Hibernation  Hex/Ice        52%        N/A       2%          2
 Hailstorm                Conj/Ice       26%        3d7       1%          3
 Inner Flame              Hex/Fire       26%        N/A       1%          3
 Sigil of Binding         Hex            40%        N/A       1%          3
 Tukima's Dance           Hex            40%        N/A       1%          3
 Frozen Ramparts          Ice            24%        1d4       3%          3
 Ignite Poison            Fire/Tmut/Pois 12%        N/A       3%          3
 Flame Wave               Conj/Fire      26%        2d8       4%          4
 Iskenderun's Mystic Bla  Conj/Tloc      26%        2d7       4%          4
 Sticky Flame             Conj/Fire      26%        2d5       4%          4
 Yara's Violent Unravell  Hex/Tmut       13%        3d7       12%         5
 Call Canine Familiar     Summ           12%        N/A       13%         3
 Gell's Gravitas          Tloc           12%        N/A       13%         3
 Teleport Other           Tloc           12%        N/A       13%         3
 Anguish                  Hex/Necr       13%        N/A       16%         4
 Dimensional Bullseye     Hex/Tloc       13%        N/A       16%         4
 Leda's Liquefaction      Hex/Erth       13%        N/A       16%         4
 Lee's Rapid Deconstruct  Erth           6%         3d6*      30%         5
 Animate Dead             Necr           12%        N/A       41%         4
 Bombard                  Conj/Erth      13%        9d3       50%         6
 Enfeeble                 Hex            20%        N/A       99%         7
 Dispersal                Tloc           6%         N/A       100%        6
 Haunt                    Necr/Summ      6%         N/A       100%        7
 Borgnjor's Revivificati  Necr           6%         N/A       100%        8
 Infestation              Necr           6%         N/A       100%        8
 Death's Door             Necr           6%         N/A       100%        9

Inventory:

Hand Weapons
 l - a +1 dagger of venom
 B - the +5 morningstar of Resourcefulness (weapon) {elec, Contam rElec MP+9 SInv}
   (You found it in an ice cave)

   rElec:     It insulates you from electricity.
   MP+9:      It affects your magic capacity (+9).
   SInv:      It lets you see invisible.
   Contam:    It causes magical contamination when unequipped.
 E - a +3 dagger of venom
Missiles
 G - a throwing net {=f}
Armour
 a - a +0 robe (worn)
 v - an orb of light (worn)
 D - a +2 pair of gloves of stealth (worn)
 F - a +2 cloak
 O - a +0 cloak of stealth (worn)
Magical Staves
 j - a staff of cold {!a}
 Q - a staff of cold {!a}
Jewellery
 i - a +6 ring of intelligence
 s - an amulet of magic regeneration (around neck)
 C - a ring of ice
 I - a +6 ring of intelligence (left hand)
 J - an amulet of reflection
 N - a ring of positive energy
 Y - a +4 ring of slaying (right hand)
Wands
 o - a wand of polymorph (18)
 w - a wand of iceblast (16)
 R - a wand of charming (4)
Scrolls
 c - a scroll of enchant weapon
 g - 4 scrolls of immolation
 h - 3 scrolls of poison
 m - 3 scrolls of torment
 n - 4 scrolls of teleportation {@r2}
 p - 2 scrolls of amnesia
 x - 3 scrolls of fear
 y - 5 scrolls of fog
 z - 4 scrolls of enchant armour
 L - a scroll of identify {@r1}
 P - 3 scrolls of revelation
Potions
 b - 4 potions of magic
 d - 2 potions of attraction
 e - 5 potions of heal wounds {@q2}
 f - 2 potions of cancellation
 k - a potion of brilliance
 q - 6 potions of haste {@q3}
 r - 3 potions of enlightenment
 t - 4 potions of invisibility
 u - 4 potions of might
 A - a potion of ambrosia
 H - 2 potions of lignification
 K - 2 potions of curing {@q1}
 M - a potion of berserk rage {!q}
 S - a potion of mutation {unknown}

Dungeon Overview and Level Annotations

Branches:
Dungeon (9/15)             Temple (1/1) D:4            Lair (4/5) D:8
 Shoals (0/4) Lair:3        Snake (0/4) Lair:2       Bailey (visited)
  IceCv (visited)
  Slime: Lair:4-5       Orc: D:9-12

Altars:
Ashenzari
Dithmenos
Fedhas
Gozag
Hepliaklqana
Nemelex Xobeh
Okawaru
Qazlal
Ru
Trog
Vehumet
Wu Jian
Xom
Zin

Shops:
D:5 **[=   D:6 ([(:?

Annotations:
D:3 1 runed translucent door, Xavori's ghost, amateur DjCK
D:6 1 runed translucent door, FakeRyeBread's ghost, novice TrFi
Lair:2 1 runed translucent door

~.≈# #P.......### #.P.....# ≈≈##
##....##..## ###...... ≈~≈#
#...##.#..### ###..##.... ~≈##
#...P#......###...######.
...######......▒▒▒........# #P
≈...##.#...▒▒▒▒▒.▒▒......## ##
...###...▒▒▒......▒...#### ###
...###..▒▒........▒▒.## #####.#
...##..▒▒....###@..▒.## #....###
~...##.▒....##.Z...▒..###......##
....##.▒....#.....▒▒.##.........#
≈~.....'...##$....▒...#..........
.≈≈#...'...#?.=...▒..............
~≈##...'...#:...#.▒▒.##..........
~.#....▒...##$..#..▒.###.........
.⌠.....▒....##.##..▒.# #.........
...#...▒▒....###...▒.###.........


You could see an eight-headed hydra simulacrum.


Message History

Aim: a rime drake (heavily wounded, empty space bonus: 5/8)
The air twists around and strikes the rime drake!!
You kill the rime drake!
Vehumet accepts your kill.
Unknown command.
Casting: Airstrike (safe; 1% risk of failure)
Confirm with . or Enter, or press ? or * to list all spells.
Aiming: Airstrike (safe; 1% risk of failure)
Press: ? - help, Dir - move target, f - eight-headed hydra simulacrum
Aim: an eight-headed hydra simulacrum (wandering, hasn't noticed you, haloed, empty space bonus: 4/8)
The air twists around and strikes the eight-headed hydra simulacrum!!
The eight-headed hydra simulacrum is heavily damaged.
Unknown command.
Casting: Airstrike (safe; 1% risk of failure)
Confirm with . or Enter, or press ? or * to list all spells.
Aiming: Airstrike (safe; 1% risk of failure)
Press: ? - help, Dir - move target, f/p - eight-headed hydra simulacrum
Aim: an eight-headed hydra simulacrum (heavily damaged, haloed, empty space bonus: 5/8)
The air twists around and strikes the eight-headed hydra simulacrum!
The eight-headed hydra simulacrum is almost destroyed.
The eight-headed hydra simulacrum bites you!
The eight-headed hydra simulacrum freezes you!!
The eight-headed hydra simulacrum bites you but does no damage. x2
The eight-headed hydra simulacrum closely misses you.
The eight-headed hydra simulacrum completely misses you.
The eight-headed hydra simulacrum bites you but does no damage.
The eight-headed hydra simulacrum bites you!
* * * LOW HITPOINT WARNING * * *
The eight-headed hydra simulacrum freezes you!!!
You die...

Skill      XL: |  1  2  3  4  5  6  7  8  9 10 11 12 13 |
---------------+----------------------------------------+-----
Air Magic      | 5 6 8 9 10 12 14 | 14.0
Fighting       | 1 2 5 9 |  9.4
Dodging        | 3 7 10 12 14 | 14.0
Stealth        | 3 6 |  6.0
Spellcasting   | 4 7 9 |  9.0
Evocations     | 4 |  4.0
Conjurations   | 5 |  5.0
Hexes          | 3 5 |  5.0

Action                     |  1- 3 |  4- 6 |  7- 9 | 10-12 | 13-15 || total
---------------------------+-------+-------+-------+-------+-------++-------
  Melee: Unarmed           |    11 |     9 |       |       |       ||    20
         Kick              |     2 |     1 |       |    27 |     1 ||    31
         Peck              |     2 |       |       |    18 |       ||    20
         Dagger            |       |     1 |       |     7 |       ||     8
         Staff             |       |       |       |    30 |       ||    30
         Morningstar       |       |       |       |     9 |     2 ||    11
   Cast: Shock             |    87 |   122 |   139 |    42 |       ||   390
         Swiftness         |       |     2 |     5 |     9 |     1 ||    17
         Static Discharge  |       |     5 |     5 |    17 |     4 ||    31
         Airstrike         |       |       |    59 |   304 |   108 ||   471
         Fulminant Prism   |       |       |       |    41 |     6 ||    47
         Dazzling Flash    |       |       |       |    15 |     1 ||    16
         Conjure Ball Ligh |       |       |       |       |     5 ||     5
  Evoke: Wand              |       |       |       |     5 |       ||     5
    Use: Scroll            |       |     9 |     7 |    11 |       ||    27
         Potion            |       |       |       |     2 |       ||     2
   Stab: Confused          |       |     1 |       |       |       ||     1
 Armour: Robe              |     9 |    28 |    16 |   103 |    24 ||   180
         Skin              |       |     3 |       |       |       ||     3
  Dodge: Dodged            |    21 |    22 |    26 |   187 |    21 ||   277

Levels and vault maps discovered:
D:1:      eino_arrival_water_star, layout_basic
D:2:      layout_loops_ring, hellmonk_ecumenical_altar_heavens_door,
          minmay_misc_feat_pillars
D:3:      layout_basic, hellmonk_ghost_happy_afterlife, uniq_robin
D:4:      layout_loops_ring, minmay_temple_entry_tees, uniq_ijyb, uniq_sigmund,
          uniq_natasha
D:5:      nicolae_cairo_tiling_large_dashed, layout_loops_ring,
          nicolae_wu_jian_immortal_techniques, serial_co_window_serial,
          co_window_corner_a, co_window_paths_a, co_window_paths_b,
          co_window_paths_a, co_window_paths_a, co_window_of_opportunity_a,
          co_window_2corner, co_window_broadway_b, co_window_broadway_b,
          serial_shops, nicolae_shop_pleasant_corner_grove,
          nicolae_shop_overgrown_old_shop, nicolae_shop_stone, shop_fountains
D:6:      layout_cave_pools, ebering_ghost_reflecting_pool, serial_shops,
          nicolae_shop_peninsula, shop, nicolae_shop_advertising_works
          [nicolae_subvault_shop_adworks], nicolae_take_the_stairs,
          nicolae_shop_tiny_real_fake_doors, uniq_edmund, uniq_grinder
D:7:      layout_gridville, trog_hazing_becter, uniq_duvessa, uniq_menkaure
D:8:      layout_basic, lair_entry_dummy, enter_bailey_6, uniq_joseph
D:9:      layout_cave_pools, mainiacjoe_overflow_24_doors,
          overflow_temple_1_default, nicolae_overflow_hallway_of_the_gods,
          nicolae_ru_awakened_eye, kennysheep_orc_monster_closet_entryway,
          gammafunk_ghost_berserking_beasts
Temple:   dpeg_chambers_temple
Lair:1:   layout_big_grid, portal_ice_cave_entry_ice_simulacra,
          wad_woods_road_06, fungi_pond_lemuel, serial_bayou_shore_b
Lair:2:   layout_chaotic_city, minmay_snake_entry_guardpost_medium,
          st_stairs_13, pdpol_lair_cabin_in_the_woods, serial_bayou_shore_a
Lair:3:   layout_cave_pods, elwin_shoals_entry_rooms
Lair:4:   layout_cave_pods, gammafunk_ghost_icy, ice2_lemuel

Notes
Turn   | Place    | Note
-------+----------+-------------------------------------------
     0 | D:1      | quinnr the Tengu Air Elementalist began the quest for the
                  | Orb.
     0 | D:1      | Reached XP level 1. HP: 10/10 MP: 4/4
   163 | D:1      | Reached XP level 2. HP: 15/15 MP: 0/6
   360 | D:1      | Reached skill level 5 in Air Magic
   718 | D:1      | Reached XP level 3. HP: 19/19 MP: 4/7
  1237 | D:2      | Found a faded altar of an unknown god.
  1385 | D:2      | Learned a level 2 spell: Static Discharge
  1615 | D:2      | Reached skill level 6 in Air Magic
  1704 | D:2      | Learned a level 3 spell: Swiftness
  2144 | D:3      | Reached XP level 4. HP: 24/24 MP: 6/8
  2623 | D:3      | Noticed Robin
  2670 | D:3      | Killed Robin
  2859 | D:3      | Found a runed translucent door.
  2859 | D:3      | Noticed Xavori's ghost (amateur DjCK)
  2872 | D:3      | Reached skill level 1 in Fighting
  3289 | D:3      | Reached XP level 5. HP: 29/29 MP: 3/9
  3551 | D:4      | Noticed Natasha
  3677 | D:4      | Noticed a phantom
  3864 | D:4      | Reached skill level 7 in Air Magic
  3929 | D:4      | Reached skill level 3 in Dodging
  3961 | D:4      | Killed Natasha
  4063 | D:4      | Noticed Ijyb
  4244 | D:4      | Reached skill level 8 in Air Magic
  4296 | D:4      | Reached XP level 6. HP: 34/34 MP: 8/10
  4483 | D:4      | Noticed Natasha
  4491 | D:4      | Killed Natasha
  4492 | D:4      | Reached skill level 9 in Air Magic
  4550 | D:4      | Killed Ijyb
  4689 | D:4      | Reached skill level 2 in Fighting
  4716 | D:4      | Noticed Natasha
  4724 | D:4      | Killed Natasha
  4725 | D:4      | Gained mutation: Your magical flight helps you evade
                  | attacks. (EV +4) [Tengu growth]
  4725 | D:4      | Reached XP level 7. HP: 39/40 MP: 8/11
  4841 | D:4      | Reached skill level 3 in Fighting
  4848 | D:4      | Found a staircase to the Ecumenical Temple.
  5011 | D:4      | Noticed Sigmund
  5017 | D:4      | Killed Sigmund
  5018 | D:4      | Reached skill level 4 in Fighting
  5069 | D:4      | Reached skill level 5 in Fighting
  5083 | Temple   | Entered the Ecumenical Temple
  5110 | Temple   | Became a worshipper of Vehumet
  5153 | D:5      | Entered Level 5 of the Dungeon
  5287 | D:5      | Learned a level 4 spell: Airstrike
  5345 | D:5      | Found Fugyigyt's Jewellery Shop.
  5380 | D:5      | Found Qamonn's Antique Armour Shoppe.
  5531 | D:5      | Reached skill level 3 in Stealth
  5531 | D:5      | Reached XP level 8. HP: 49/49 MP: 8/13
  5582 | D:5      | Found an ornate altar of the Wu Jian Council.
  5633 | D:5      | Found Zuhezeol's General Store.
  5723 | D:5      | Reached skill level 3 in Spellcasting
  5775 | D:5      | Identified the +4 long sword of Impatience {vamp, Contam
                  | *Corrode +Blink rN+++}
  5777 | D:5      | Found Yrhuhu's Assorted Antiques.
  5823 | D:5      | Bought a smoky pink potion for 25 gold pieces
  5823 | D:5      | Bought a scroll labelled CUTRUE QERETAI for 28 gold pieces
  5980 | D:5      | Reached * piety under Vehumet
  5980 | D:5      | Offered knowledge of Foxfire by Vehumet.
  6217 | D:6      | Noticed Edmund
  6389 | D:5      | Killed Edmund
  6390 | D:5      | Reached skill level 4 in Stealth
  6511 | D:5      | Found Yrhuhu's Assorted Antiques.
  6630 | D:5      | Found Qamonn's Antique Armour Shoppe.
  6690 | D:5      | Found an ornate altar of the Wu Jian Council.
  6741 | D:5      | Found Zuhezeol's General Store.
  7246 | D:6      | Reached skill level 10 in Air Magic
  7308 | D:6      | Reached skill level 4 in Spellcasting
  7342 | D:6      | Reached skill level 5 in Stealth
  7388 | D:6      | Found a runed translucent door.
  7395 | D:6      | Found Ywuah's Antique Armour Emporium.
  7427 | D:6      | Found Vaawk's Weapon Shop.
  7437 | D:6      | Noticed Grinder
  7454 | D:6      | Killed Grinder
  7455 | D:6      | Reached skill level 6 in Stealth
  7455 | D:6      | Reached XP level 9. HP: 54/54 MP: 9/16
  7528 | D:6      | Found Gaqiex's Magic Scroll Shop.
  7536 | D:6      | Bought a scroll of teleportation for 39 gold pieces
  7536 | D:6      | Bought a scroll of identify for 26 gold pieces
  7536 | D:6      | Bought a scroll of identify for 26 gold pieces
  7538 | D:6      | Bought a scroll of fear for 52 gold pieces
  7538 | D:6      | Bought a scroll of fog for 52 gold pieces
  7543 | D:6      | Found Qupt's Book Shoppe.
  7563 | D:6      | Found Deakliew's Weapon Boutique.
  7859 | D:6      | Noticed FakeRyeBread's ghost (novice TrFi)
  7984 | D:7      | Reached skill level 4 in Dodging
  8148 | D:8      | Found a flagged portal.
  8155 | D:8      | Found a staircase to the Lair.
  8158 | Bailey   | Entered a bailey
  8297 | Bailey   | Noticed an orc warlord
  8410 | Bailey   | Offered knowledge of Kiss of Death by Vehumet.
  8450 | Bailey   | Reached ** piety under Vehumet
  8451 | Bailey   | Reached skill level 11 in Air Magic
  8495 | Bailey   | Found a runed translucent gate.
  8495 | Bailey   | Found a runed translucent gate.
  8515 | Bailey   | Found a runed translucent gate.
  8524 | Bailey   | Reached skill level 5 in Dodging
  8832 | Bailey   | Killed an orc warlord
  8833 | Bailey   | Reached skill level 6 in Dodging
  8833 | Bailey   | Reached skill level 12 in Air Magic
  8915 | D:8      | Reached skill level 7 in Dodging
  8915 | D:8      | Reached XP level 10. HP: 43/59 MP: 11/17
  8980 | D:8      | Acquired a +0 pair of gloves of stealth
  9054 | D:8      | Noticed Joseph
  9143 | D:8      | Killed Joseph
  9324 | D:8      | Reached skill level 13 in Air Magic
  9422 | D:8      | Reached skill level 8 in Dodging
  9649 | D:9      | Found a broken altar of Ashenzari.
  9977 | D:7      | Noticed Duvessa
  9977 | D:7      | Noticed Dowan
  9980 | D:7      | Killed Dowan
  9990 | D:7      | Killed Duvessa
 10188 | D:7      | Reached skill level 9 in Dodging
 10355 | D:7      | Noticed Menkaure
 10357 | D:7      | Killed Menkaure
 10849 | D:7      | Found a bloodstained altar of Trog.
 10917 | D:9      | Found a sacrificial altar of Ru.
 10928 | D:9      | Paralysed by a hornet for 2 turns
 11063 | Lair:1   | Entered Level 1 of the Lair of Beasts
 11067 | Lair:1   | Noticed an elephant
 11070 | Lair:1   | Noticed an elephant
 11071 | Lair:1   | Noticed an elephant
 11074 | Lair:1   | Reached skill level 14 in Air Magic
 11092 | Lair:1   | Noticed a cane toad
 11098 | Lair:1   | Killed a cane toad
 11134 | Lair:1   | Offered knowledge of Dazzling Flash by Vehumet.
 11135 | Lair:1   | Reached skill level 10 in Dodging
 11195 | Lair:1   | Reached XP level 11. HP: 54/63 MP: 3/18
 11224 | Lair:1   | Reached skill level 1 in Evocations
 11244 | Lair:1   | Found a frozen archway.
 11249 | Lair:1   | Reached skill level 11 in Dodging
 11249 | Lair:1   | Reached skill level 2 in Evocations
 11263 | IceCv    | Entered an ice cave
 11311 | IceCv    | Learned a level 3 spell: Dazzling Flash
 11326 | IceCv    | Reached *** piety under Vehumet
 11395 | IceCv    | Noticed a white ugly thing
 11404 | IceCv    | Killed a white ugly thing
 11405 | IceCv    | Reached skill level 2 in Conjurations
 11472 | IceCv    | Reached skill level 1 in Hexes
 11615 | IceCv    | Learned a level 4 spell: Fulminant Prism
 12317 | IceCv    | Reached skill level 3 in Conjurations
 12317 | IceCv    | Reached skill level 3 in Evocations
 12407 | IceCv    | Noticed a white ugly thing
 12519 | IceCv    | Killed a white ugly thing
 12581 | IceCv    | Identified the +5 morningstar of Resourcefulness {elec,
                  | Contam rElec MP+9 SInv}
 12701 | Lair:1   | Reached skill level 4 in Conjurations
 12701 | Lair:1   | Reached skill level 2 in Hexes
 12760 | Lair:1   | Reached skill level 4 in Evocations
 12956 | Lair:1   | Reached skill level 5 in Conjurations
 13158 | Lair:1   | Offered knowledge of Ignite Poison by Vehumet.
 13453 | Lair:2   | Reached skill level 3 in Hexes
 13519 | Lair:2   | Reached skill level 12 in Dodging
 13633 | Lair:2   | Noticed a seven-headed hydra
 13637 | Lair:2   | Killed a seven-headed hydra
 13638 | Lair:2   | Reached XP level 12. HP: 68/68 MP: 15/20
 13670 | Lair:2   | Noticed a boulder beetle
 13747 | Lair:2   | Reached skill level 5 in Spellcasting
 13795 | Lair:2   | Reached skill level 4 in Hexes
 13841 | Lair:2   | Reached **** piety under Vehumet
 13876 | Lair:2   | Noticed a skyshark
 13882 | Lair:2   | Killed a skyshark
 14103 | Lair:2   | Offered knowledge of Volatile Blastmotes by Vehumet.
 14356 | Lair:2   | Killed a boulder beetle
 14427 | Lair:2   | Reached skill level 6 in Spellcasting
 14508 | Lair:2   | Reached skill level 13 in Dodging
 14588 | Lair:2   | Found a staircase to the Snake Pit.
 14659 | Lair:2   | Found a runed translucent door.
 14999 | Lair:3   | Reached skill level 5 in Hexes
 15324 | Lair:3   | Found a staircase to the Shoals.
 15328 | Lair:3   | Reached skill level 7 in Spellcasting
 16048 | Lair:3   | Noticed a five-headed hydra
 16051 | Lair:3   | Killed a five-headed hydra
 16052 | Lair:3   | Reached skill level 14 in Dodging
 16052 | Lair:3   | Reached XP level 13. HP: 72/72 MP: 17/25
 16054 | Lair:3   | Reached skill level 8 in Spellcasting
 16331 | Lair:4   | Found a runed translucent gate.
 16331 | Lair:4   | Found a runed translucent gate.
 16331 | Lair:4   | Found a runed translucent gate.
 16411 | Lair:4   | Noticed an ice dragon
 16417 | Lair:4   | Killed an ice dragon
 16418 | Lair:4   | Reached skill level 9 in Spellcasting
 16716 | Lair:4   | Noticed FakeRyeBread's ghost (journeyman TrFi)
 16813 | Lair:4   | Reached skill level 6 in Fighting
 16969 | Lair:4   | Reached skill level 7 in Fighting
 16991 | Lair:4   | Reached ***** piety under Vehumet
 17000 | Lair:3   | Offered knowledge of Conjure Ball Lightning by Vehumet.
 17053 | Lair:3   | Learned a level 6 spell: Conjure Ball Lightning
 17060 | Lair:4   | Reached skill level 8 in Fighting
 17297 | Lair:4   | Identified the +0 chain mail of the Sturgeon {Harm Int+5
                  | Dex+4}
 17569 | Lair:4   | Learned a level 5 spell: Freezing Cloud
 18004 | Lair:4   | Killed FakeRyeBread's ghost
 18005 | Lair:4   | Reached skill level 9 in Fighting
 18087 | Lair:4   | Mangled by an eight-headed hydra simulacrum

Vanquished Creatures
  An orc warlord (Bailey)
  The ghost of FakeRyeBread the Brawler, a journeyman TrFi of Wu Jian (Lair:4)
  3 hydras
  An ice dragon (Lair:4)
  A boulder beetle (Lair:2)
  A skyshark (Lair:2)
  2 ugly things (IceCv)
  Joseph (D:8)
  9 elephants
  2 black mambas
  A merfolk siren (Lair:3)
  4 ice statues
  12 cane toads
  6 komodo dragons
  6 rime drakes
  A hornet (D:9)
  4 polar bears (Lair:4)
  A merfolk (Lair:3)
  17 blink frogs
  Grinder (D:6)
  Sigmund (D:4)
  3 wyverns
  A human (Lair:2)
  15 yaks
  3 basilisks
  Menkaure (D:7)
  4 death yak simulacra
  Edmund (D:5)
  A harpy simulacrum (IceCv)
  6 nagas (Lair:2)
  Duvessa (D:7)
  A hydra simulacrum (IceCv)
  11 water moccasins
  2 sky beasts (D:7)
  3 orc warriors (Bailey)
  3 black bears
  12 wolves
  3 ogres
  A boulder beetle simulacrum (Lair:4)
  6 ice beasts
  A centaur (D:8)
  4 phantoms
  9 bullfrogs
  A kobold brigand (D:7)
  A gnoll sergeant (D:7)
  A cane toad simulacrum (IceCv)
  3 wights (D:7)
  A skyshark simulacrum (Lair:4)
  Dowan (D:7)
  A dream sheep simulacrum (Lair:4)
  2 elephant simulacra (IceCv)
  A lindwurm simulacrum (Lair:4)
  3 electric eels
  2 howler monkeys (D:9)
  A komodo dragon simulacrum (Lair:4)
  3 hounds
  4 jellies
  A gnoll bouda (D:5)
  2 iguanas (D:4)
  Ijyb (D:4)
  2 orc wizards
  Natasha (thrice) (D:4)
  Robin (D:3)
  7 gnolls
  6 adders
  3 shadow imps
  4 white imps
  2 ufetubi (D:6)
  5 dart slugs
  23 orcs
  3 ball pythons
  4 bats
  12 endoplasms
  5 giant cockroaches
  11 goblins
  20 hobgoblins
  3 jackals (D:5)
  3 quokkas
  2 frilled lizards
  24 kobolds
  4 rats
  A fulminant prism (IceCv)
345 creatures vanquished.

Vanquished Creatures (others)
  14 ball lightnings (Lair:4)
  46 fulminant prisms
60 creatures vanquished.

Grand Total: 405 creatures vanquished

Table legend: (Time is in decaauts)
 A = Elapsed time spent in this place.
 B = Non-inter-level travel time spent in this place.
 C = Inter-level travel time spent in this place.
 D = Time resting spent in this place.
 E = Time spent auto-exploring this place.
 F = Levels seen in this place.
 G = Mean time per level.
                   A        B        C        D        E       F      G
               +--------+--------+--------+--------+--------+-----+--------+
         Total |  18101 |  17205 |    896 |   2082 |  11581 |  16 | 1131.3 |
       Dungeon |  10253 |   9615 |    638 |    622 |   7295 |   9 | 1139.2 |
        Temple |     59 |      1 |     58 |      0 |      0 |   1 |   59.0 |
          Lair |   5669 |   5470 |    199 |    632 |   3762 |   4 | 1417.2 |
        Bailey |    749 |    749 |      0 |    155 |    321 |   1 |  749.0 |
      Ice Cave |   1369 |   1369 |      0 |    673 |    203 |   1 | 1369.0 |
               +--------+--------+--------+--------+--------+-----+--------+

Top non-repeatable levels by time:
     D:5: 2017 daAuts
     D:3: 1830 daAuts
  Lair:3: 1659 daAuts
  Lair:4: 1540 daAuts
     D:4: 1389 daAuts
   IceCv: 1369 daAuts
  Lair:2: 1266 daAuts
     D:7: 1216 daAuts
  Lair:1: 1203 daAuts
     D:1: 1121 daAuts
     D:8: 980 daAuts
     D:6: 832 daAuts
     D:2: 821 daAuts
  Bailey: 749 daAuts
  Temple: 59 daAuts

Table legend:
 A = Non-vault XP
 B = Vault XP
 C = Vault XP percentage of total XP
 D = Non-vault monster count
 E = Vault monster count
 F = Vault count percentage of total count
                 A         B        C        D         E       F
            +---------+---------+-------+---------+---------+-------
      Total |   32873 |   15548 |  32.1 |     250 |      94 |  27.3
            +---------+---------+-------+---------+---------+-------
        D:1 |      41 |       0 |   0.0 |      20 |       0 |   0.0
        D:2 |      21 |       0 |   0.0 |      11 |       0 |   0.0
        D:3 |      92 |      34 |  27.0 |      25 |      10 |  28.6
        D:4 |     565 |     294 |  34.2 |      26 |       3 |  10.3
        D:5 |     633 |     164 |  20.6 |      19 |       1 |   5.0
        D:6 |     314 |     272 |  46.4 |      14 |       1 |   6.7
        D:7 |    1303 |     398 |  23.4 |      25 |       8 |  24.2
        D:8 |     904 |     493 |  35.3 |       7 |       1 |  12.5
        D:9 |     424 |       0 |   0.0 |       3 |       0 |   0.0
     Lair:1 |    5064 |     169 |   3.2 |      22 |       1 |   4.3
     Lair:2 |    7449 |    2086 |  21.9 |      26 |      11 |  29.7
     Lair:3 |    6732 |     760 |  10.1 |      27 |       2 |   6.9
     Lair:4 |    9331 |    5713 |  38.0 |      25 |      21 |  45.7
     Bailey |       0 |    1603 | 100.0 |       0 |      22 | 100.0
      IceCv |       0 |    3562 | 100.0 |       0 |      13 | 100.0
            +---------+---------+-------+---------+---------+-------

Levels and vault maps discovered:
D:1:      eino_arrival_water_star, layout_basic
D:2:      layout_loops_ring, hellmonk_ecumenical_altar_heavens_door,
          minmay_misc_feat_pillars
D:3:      layout_basic, hellmonk_ghost_happy_afterlife, uniq_robin
D:4:      layout_loops_ring, minmay_temple_entry_tees, uniq_ijyb, uniq_sigmund,
          uniq_natasha
D:5:      nicolae_cairo_tiling_large_dashed, layout_loops_ring,
          nicolae_wu_jian_immortal_techniques, serial_co_window_serial,
          co_window_corner_a, co_window_paths_a, co_window_paths_b,
          co_window_paths_a, co_window_paths_a, co_window_of_opportunity_a,
          co_window_2corner, co_window_broadway_b, co_window_broadway_b,
          serial_shops, nicolae_shop_pleasant_corner_grove,
          nicolae_shop_overgrown_old_shop, nicolae_shop_stone, shop_fountains
D:6:      layout_cave_pools, ebering_ghost_reflecting_pool, serial_shops,
          nicolae_shop_peninsula, shop, nicolae_shop_advertising_works
          [nicolae_subvault_shop_adworks], nicolae_take_the_stairs,
          nicolae_shop_tiny_real_fake_doors, uniq_edmund, uniq_grinder
D:7:      layout_gridville, trog_hazing_becter, uniq_duvessa, uniq_menkaure
D:8:      layout_basic, lair_entry_dummy, enter_bailey_6, uniq_joseph
D:9:      layout_cave_pools, mainiacjoe_overflow_24_doors,
          overflow_temple_1_default, nicolae_overflow_hallway_of_the_gods,
          nicolae_ru_awakened_eye, kennysheep_orc_monster_closet_entryway,
          gammafunk_ghost_berserking_beasts
Temple:   dpeg_chambers_temple
Lair:1:   layout_big_grid, portal_ice_cave_entry_ice_simulacra,
          wad_woods_road_06, fungi_pond_lemuel, serial_bayou_shore_b
Lair:2:   layout_chaotic_city, minmay_snake_entry_guardpost_medium,
          st_stairs_13, pdpol_lair_cabin_in_the_woods, serial_bayou_shore_a
Lair:3:   layout_cave_pods, elwin_shoals_entry_rooms
Lair:4:   layout_cave_pods, gammafunk_ghost_icy, ice2_lemuel
